 Dungeon Crawl Stone Soup version 0.31-a0-325-g067879e3d3 (webtiles) character file.

Game seed: 13395045049166562085

6 HallandMoats the Trooper (level 1, 0/18 HPs)
             Began as a Demonspawn Fighter on July 18, 2023.
             Slain by a jackal (2 damage)
             ... on level 1 of the Dungeon.
             The game lasted 00:00:39 (263 turns).

HallandMoats the Trooper (Demonspawn Fighter)        Turns: 263, Time: 00:00:40

Health: 0/18       AC:  6    Str: 16    XL:     1   Next: 75%
Magic:  1/1        EV:  8    Int:  9    God:
Gold:   32         SH:  4    Dex: 12    Spells: 0/0 levels left

rFire   . . .        a - +0 war axe
rCold   . . .        c - +0 buckler
rNeg    . . .        b - +0 scale mail
rPois   .            (no helmet)
rElec   .            (no cloak)
rCorr   .            (no gloves)
SInv    .            (no boots)
Will    .....        (no amulet) Stlth
                     (no ring)
HPRegen 0.23/turn    (no ring)
MPRegen 0.07/turn

%: no passive effects
@: no status effects
A: no striking features
a: no special abilities


You were on level 1 of the Dungeon.
You visited 1 branch of the dungeon, and saw 1 of its levels.

You collected 32 gold pieces.

Inventory:

Hand Weapons
 a - a +0 war axe (weapon)
Armour
 b - a +0 scale mail (worn)
 c - a +0 buckler (worn)
Potions
 d - a potion of might


   Skills:
 + Level 3.2 Fighting
 + Level 2.1 Axes
 - Level 2.6 Armour
 - Level 2.6 Shields


You couldn't memorise any spells.
You didn't know any spells.
Your spell library was empty.

Dungeon Overview and Level Annotations

Branches:
Dungeon (1/15)

Altars:


Message History

The jackal bites you but does no damage.
You barely miss the jackal. You block the jackal's attack.
The jackal completely misses you.
You barely miss the jackal. The jackal closely misses you.
You block the jackal's attack.
You barely miss the jackal.
The jackal bites you but does no damage. x2
You closely miss the jackal.
The jackal bites you but does no damage. x2
You closely miss the jackal. You block the jackal's attack.
The jackal bites you but does no damage.
You closely miss the jackal. The jackal barely misses you.
The jackal closely misses you.
You hit the jackal.
You kill the jackal!
The bat barely misses you. The bat hits you but does no damage.
You barely miss the bat. The bat barely misses you. The bat hits you.
* * * LOW HITPOINT WARNING * * *
You hit the bat.
You kill the bat!
The bat hits you but does no damage.
The jackal bites you but does no damage.
You barely miss the jackal.
The jackal is heavily wounded.
The jackal bites you.
* * * LOW HITPOINT WARNING * * *
You block the jackal's attack.
You closely miss the jackal.
The jackal is moderately wounded.
The jackal bites you but does no damage.
You block the jackal's attack.
You barely miss the jackal.
The jackal barks!
The jackal bites you but does no damage.
The jackal barely misses you.
You closely miss the jackal. The jackal bites you.
* * * LOW HITPOINT WARNING * * *
The jackal bites you but does no damage.
You closely miss the jackal. The jackal bites you.
You die...

#..#####.##...# ##..
#...........#.#####...
#.####..##.........##
#...##.######.#.##..#
#....# #.#.###..
###.### #.#.# ###
###.hb# [...# #
#b..#h# .#..# ##
##b###@# ...... #.
#..###.# #.#.## ##.
#....#.. ... #..
####b#### ##.. #bh.#
#... ###r... ##...
...... #.... .....
#.... ##?## #####


You could see 2 jackals and a bat.

Vanquished Creatures
  A giant cockroach (D:1)
  2 jackals (D:1)
  A bat (D:1)
  A frilled lizard (D:1)
  A rat (D:1)
6 creatures vanquished.

Notes
Turn   | Place    | Note
-------+----------+-------------------------------------------
     0 | D:1      | HallandMoats the Demonspawn Fighter began the quest for the
                  | Orb.
     0 | D:1      | Reached XP level 1. HP: 18/18 MP: 1/1
   158 | D:1      | Found a faded altar of an unknown god.
   263 | D:1      | Slain by a jackal

Illustrated notes

Levels and vault maps discovered:
D:1:      lemuel_arrival_funnel, layout_rooms, shapermc_ecumenical_altar_gd,
          serial_glass, glass_columns_a, glass_columns_a

Skill      XL: |  1 |
---------------+----+-----
Axes           | 2 |  2.1
Fighting       | |  3.2
Armour         | |  2.6
Shields        | |  2.6

Action                     || total
---------------------------++-------
  Melee: War axe           ||    39
 Armour: Scale mail        ||    33
  Dodge: Dodged            ||    30
  Block: Buckler           ||    13

Table legend: (Time is in decaauts)
 A = Elapsed time spent in this place.
 B = Non-inter-level travel time spent in this place.
 C = Inter-level travel time spent in this place.
 D = Time resting spent in this place.
 E = Time spent auto-exploring this place.
 F = Levels seen in this place.
 G = Mean time per level.
                   A        B        C        D        E       F      G
               +--------+--------+--------+--------+--------+-----+--------+
         Total |    280 |    280 |      0 |      0 |    196 |   1 |  280.0 |
       Dungeon |    280 |    280 |      0 |      0 |    196 |   1 |  280.0 |
               +--------+--------+--------+--------+--------+-----+--------+

Top non-repeatable levels by time:
     D:1: 280 daAuts
